 Dungeon Crawl Stone Soup version 0.30.1 (webtiles) character file.

Game seed: 17374700974257496441

1809 H0rd4k the Cutter (level 9, -16/66 HPs)
             Began as a Human Artificer on July 7, 2023.
             Was an Initiate of Gozag.
             Demolished by Joseph
             ... wielding a +8 quarterstaff of speed
              (26 damage)
             ... on level 7 of the Dungeon on July 10, 2023.
             The game lasted 00:07:34 (6898 turns).

H0rd4k the Cutter (Human Artificer)                 Turns: 6898, Time: 00:07:35

Health: -16/66     AC:  3    Str: 10 (13) XL:     9   Next: 31%
Magic:  9/9        EV: 12    Int: 15 (16) God:    Gozag
Gold:   293        SH:  0    Dex: 10 (13) Spells: 8/8 levels left

rFire   . . .        k - +2 short sword (venom)
rCold   . . .        (no shield)
rNeg    . . .        b - +0 leather armour
rPois   +            (helmet restricted)
rElec   .            (no cloak)
rCorr   .            (no gloves)
SInv    +            (no boots)
Will    .....        (no amulet)
Stlth   ++           i - ring of see invisible
HPRegen 0.31/turn    A - ring of poison resistance
MPRegen 0.11/turn

%: no passive effects
@: on berserk cooldown, slowed, very slow
A: antennae 1
a: Renounce Religion, Potion Petition, Call Merchant, Bribe Branch


You were on level 7 of the Dungeon.
You worshipped Gozag.
Gozag was aware of your devotion.
You visited 2 branches of the dungeon, and saw 8 of its levels.

You collected 376 gold pieces.
You paid 83 gold pieces to Gozag.

Inventory:

Hand Weapons
 k - a +2 short sword of venom (weapon)
 z - a +1 vampiric rapier
 B - a +3 dagger
Missiles
 q - 16 poisoned darts
Armour
 b - a +0 leather armour (worn)
 h - an orb of wrath
 C - a +1 helmet
Magical Staves
 n - a staff of death
Jewellery
 i - a ring of see invisible (left hand)
 A - a ring of poison resistance (right hand)
Wands
 c - a wand of flame (1) (quivered)
 d - a wand of charming (10)
 v - a wand of digging (3)
Scrolls
 l - 6 scrolls of identify {unknown}
 p - 3 scrolls of teleportation {unknown}
 r - 4 scrolls of silence {unknown}
 s - 2 scrolls of immolation {unknown}
 t - a scroll of poison {unknown}
 u - 2 scrolls of vulnerability {unknown}
 w - 2 scrolls of enchant armour {unknown}
 y - 2 scrolls of fear {unknown}
Potions
 a - 3 potions of curing
 f - 2 potions of flight
 g - 2 potions of degeneration
 j - 2 potions of mutation
 m - 2 potions of lignification
 x - 2 potions of heal wounds {unknown}
 D - a potion of magic {unknown}


   Skills:
 + Level 4.7 Fighting
 + Level 6.4 Short Blades
 - Level 2.0 Armour
 + Level 4.8 Dodging
 + Level 4.5 Stealth
 - Level 0.2 Unarmed Combat
 + Level 5.6 Evocations


You had 8 spell levels left.
You didn't know any spells.
Your spell library contained the following spells:

 Spells                   Type           Power      Damage    Failure   Level
 Slow                     Hex            0%         N/A       34%         1
 Confusing Touch          Hex            0%         N/A       71%         3
 Frozen Ramparts          Ice            0%         1d1       71%         3
 Vampiric Draining        Necr           0%         2d6       71%         3
 Ice Form                 Ice/Tmut       0%         N/A       98%         4
 Summon Ice Beast         Ice/Summ       0%         N/A       98%         4


Dungeon Overview and Level Annotations

Branches:
Dungeon (7/15)             Temple (1/1) D:6

Altars:
Ashenzari
Cheibriados
Dithmenos
Elyvilon
Gozag
Hepliaklqana
Kikubaaqudgha
Makhleb
Nemelex Xobeh
Okawaru
Qazlal
Sif Muna
Trog
Uskayaw
Vehumet
Xom
The Shining One

Shops:
D:2 (

Annotations:
D:1 exclusion: downstairs
D:3 exclusion: downstairs
D:4 2 transporters, Sigmuldom's ghost, amateur HuIE
D:7 Joseph; Prince Ribbit
Temple 2 transporters


Innate Abilities, Weirdness & Mutations

You have a pair of small antennae on your head.


Message History

Your roots penetrate the ground.
You start resting.
You feel less attractive to monsters.
You start resting.
Your transformation is almost over.
HP restored.
You feel less wooden.
Your +0 leather armour unmelds from your body.
It was a potion of berserk rage.
A red film seems to cover your vision as you go berserk!
You feel yourself moving faster!
You feel mighty!
You feel a strong urge to attack something.
Joseph unwields a +8 quarterstaff of speed.
Joseph wields a +0 sling.
Joseph shoots a sling bullet.
The sling bullet closely misses you.
You feel your anger nearly subside.
Joseph unwields a +0 sling.
Joseph wields a +8 quarterstaff of speed.
Joseph hits you with a +8 quarterstaff of speed!
You puncture Joseph!
Joseph is lightly wounded.
You puncture Joseph!
Joseph looks as sick as possible!
Joseph is moderately wounded.
Joseph hits you with a +8 quarterstaff of speed!!
You puncture Joseph!
Joseph looks as sick as possible!
Joseph is heavily wounded.
You are no longer berserk.
You are exhausted.
You feel yourself slow down.
You hit Joseph but do no damage.
Joseph is heavily wounded.
Joseph hits you with a +8 quarterstaff of speed!!
Joseph hits you with a +8 quarterstaff of speed!
* * * LOW HITPOINT WARNING * * *
You hit Joseph.
Joseph looks as sick as possible!
Joseph is severely wounded.
Joseph says, "It's nothing personal, but I have to kill you."
Joseph hits you with a +8 quarterstaff of speed!!
You die...
Your body crumbles into a pile of gold.

......##...........#### #...##.##
....#..#.#####............. #.#
###.##.#.#.......##### ##..###.##
###.##.#.#.###.#.####. ..........
...................... .........#
###.##>.######.#.####. ........#
.##.##.## #.#.# ........#
.##.##.### #.#.#######........#
.##.##...# #..@...............#
.##.####### ###.@.........###...
#...# ##8## #########.#. #...
....# 8...8# # #..# ♣.###
.[...#############F#.###..# ~~##
_....._#..........#........# ~~~#
#.....##..........###.##...#
P♣####8...8##..........###.##...#
P...# #.<..................


You could see Joseph (extremely poisoned).

Vanquished Creatures
  Sigmund (D:2)
  Eustachio (D:5)
  A sky beast (D:7)
  A black bear (D:7)
  2 ogres (D:4)
  A centaur (D:6)
  A phantom (D:6)
  A kobold brigand (D:7)
  A scorpion (D:6)
  A bullfrog (D:7)
  2 jellies (D:5)
  An orc priest (D:4)
  3 hounds
  Ijyb (D:4)
  Terence (D:2)
  3 orc wizards
  3 iguanas
  Robin (D:4)
  3 gnolls
  9 adders
  A shadow imp (D:3)
  2 white imps (D:7)
  3 worms
  2 dart slugs
  15 orcs
  5 endoplasms
  5 giant cockroaches
  5 goblins
  4 hobgoblins
  13 jackals
  8 kobolds
  6 quokkas
  5 ball pythons
  4 bats
  A frilled lizard (D:2)
  6 rats
123 creatures vanquished.

Vanquished Creatures (collateral kills)
  An ogre (D:6)
  2 orc priests (D:5)
  An orc wizard (D:5)
  4 hobgoblins (D:4)
8 creatures vanquished.

Vanquished Creatures (others)
  A water moccasin (D:5)
1 creature vanquished.

Grand Total: 132 creatures vanquished

Notes
Turn   | Place    | Note
-------+----------+-------------------------------------------
     0 | D:1      | H0rd4k the Human Artificer began the quest for the Orb.
     0 | D:1      | Reached XP level 1. HP: 15/15 MP: 1/1
   255 | D:1      | Reached XP level 2. HP: 20/21 MP: 2/2
   698 | D:1      | Reached XP level 3. HP: 17/26 MP: 3/3
   771 | D:2      | Noticed Terence
   994 | D:2      | Noticed Sigmund
  1009 | D:2      | Killed Sigmund
  1010 | D:2      | Reached skill level 1 in Short Blades
  1010 | D:2      | Reached XP level 4. HP: 10/34 MP: 4/4
  1010 | D:2      | Reached XP level 5. HP: 11/39 MP: 5/5
  1010 | D:2      | Reached XP level 6. HP: 13/46 MP: 6/6
  1173 | D:2      | Killed Terence
  1174 | D:2      | Reached skill level 2 in Short Blades
  1531 | D:2      | Found Fiasol's Weapon Shoppe.
  2969 | D:4      | Noticed an ogre
  3063 | D:4      | Reached XP level 7. HP: 51/51 MP: 7/7
  3067 | D:4      | Noticed Robin
  3068 | D:4      | Noticed Ijyb
  3101 | D:4      | Killed Robin
  3117 | D:4      | Killed Ijyb
  3118 | D:4      | Reached skill level 3 in Short Blades
  3129 | D:4      | Found a transporter.
  3129 | D:4      | Noticed Sigmuldom's ghost (amateur HuIE)
  3212 | D:4      | Found a transporter.
  3262 | D:4      | Found an ancient bone altar of Kikubaaqudgha.
  3691 | D:4      | Found a shimmering altar of Xom.
  3791 | D:4      | Reached skill level 4 in Short Blades
  4025 | D:5      | Entered Level 5 of the Dungeon
  4048 | D:5      | Noticed Eustachio
  4056 | D:5      | Killed Eustachio
  4057 | D:5      | Reached XP level 8. HP: 58/58 MP: 8/8
  4394 | D:5      | Found a glowing golden altar of the Shining One.
  4594 | D:5      | Reached skill level 5 in Short Blades
  5188 | D:6      | Reached skill level 5 in Evocations
  5644 | D:6      | Reached XP level 9. HP: 54/65 MP: 9/9
  6014 | D:6      | Found a staircase to the Ecumenical Temple.
  6020 | Temple   | Entered the Ecumenical Temple
  6020 | Temple   | Found a transporter.
  6020 | Temple   | Found a transporter.
  6022 | Temple   | Found a transporter.
  6022 | Temple   | Found a transporter.
  6032 | Temple   | Became a worshipper of Gozag Ym Sagoz the Greedy
  6088 | D:7      | Reached skill level 6 in Short Blades
  6516 | D:7      | Noticed Prince Ribbit
  6829 | D:7      | Found a shadowy altar of Dithmenos.
  6832 | D:7      | Found a hide-covered altar of Uskayaw.
  6845 | D:7      | Noticed Joseph
  6854 | D:7      | Gained mutation: You expend magic power (3 MP) to
                  | strengthen your wands. [potion of mutation]
  6854 | D:7      | Gained mutation: You have a pair of small antennae on your
                  | head. [potion of mutation]
  6854 | D:7      | Lost mutation: You expend magic power (3 MP) to strengthen
                  | your wands. [potion of mutation]
  6898 | D:7      | Demolished by Joseph

Illustrated notes

Levels and vault maps discovered:
D:1:      ncdulo_wetmaze, layout_basic
D:2:      layout_rooms, serial_shops, nicolae_shop_bloodbath_and_beyond,
          kennysheep_generic_room_15, uniq_terence, uniq_sigmund
D:3:      minmay_spotlight, layout_basic, grunt_decor_mini_mirrors
D:4:      layout_basic, xom_teletrap_fun, mainiacjoe_overflow_six_doors_small,
          gammafunk_ghost_arena, nicolae_goblin_pals
D:5:      layout_gridville, mainiacjoe_overflow_paths, minmay_misc_feat_roman,
          minmay_strange_pillars, uniq_eustachio
D:6:      layout_rooms, minmay_temple_entry_fiery
D:7:      layout_basic, nicolae_overflow_hidden_temple, serial_bayou_ford_a,
          uniq_joseph, uniq_prince_ribbit1
Temple:   hellmonk_temple_divided_pantheon

Skill      XL: |  1  2  3  4  5  6  7  8  9 |
---------------+----------------------------+-----
Fighting       | 2 3 4 |  4.7
Short Blades   | 1 2 4 5 6 |  6.4
Dodging        | 2 3 4 |  4.8
Evocations     | 4 5 |  5.6
Stealth        | 2 3 4 |  4.5
Armour         | |  2.0
Unarmed Combat | |  0.2

Action                     |  1- 3 |  4- 6 |  7- 9 || total
---------------------------+-------+-------+-------++-------
  Melee: Unarmed           |    51 |       |       ||    51
         Punch             |     3 |     2 |     2 ||     7
         Short sword       |    53 |   126 |   271 ||   450
  Evoke: Wand              |     3 |       |    21 ||    24
    Use: Potion            |       |       |     7 ||     7
   Stab: Sleeping          |       |     3 |     5 ||     8
 Armour: Leather armour    |    30 |    27 |    36 ||    93
  Dodge: Dodged            |    78 |    77 |   116 ||   271
